AoeStats
← Eppo

Arena

510359029Analyzed
1v1 RM · 23h ago on Sep 30, 2026· 42m 10s· 2 players
Game mode
Random Map
Map size
Tiny (2 player)
Population
200
Speed
Normal
Resources
Standard
Victory
Conquest
Starting age
Dark Age
Ending age
Imperial Age
RankedLock teamsTeams togetherTeam positionsShared explorationLock speedFull tech treeHidden civsTurbo modeCheats
Victory
Defeat
🇹🇼 Franks · Taiwan
936
+18
🇳🇱 Khmer · Netherlands
978
-18
goodlevis0206
11:22 Feudal Age
13:01 Loom
17:12 Castle Age
14:59 Double-Bit Axe
16:21 Gold Mining
18:12 Pikeman
20:45 Gold Shaft Mining
27:13 Imperial Age
25:22 Wheelbarrow
25:04 Treadmill Crane
28:46 Conscription
28:41 Stone Mining
29:04 Bow Saw
29:51 Fletching
30:07 Scale Barding Armor
30:55 Husbandry
32:08 Chemistry
31:29 Ballistics
36:53 Bodkin Arrow
37:20 Chain Barding Armor
37:10 Forging
37:01 Scale Mail Armor
37:02 Padded Archer Armor
37:50 Cavalier
37:53 Light Cavalry
41:10 Ordonnance Companies
41:54 Chivalry
Eppo
11:49 Feudal Age
15:01 Castle Age
12:55 Double-Bit Axe
13:40 Horse Collar
19:24 Bow Saw
22:01 Loom
23:11 Wheelbarrow
23:16 Fervor
24:50 Hand Cart
30:38 Imperial Age
31:06 Heavy Scorpion
33:00 Redemption
37:56 Bloodlines
38:06 Light Cavalry
39:47 Gold Mining
40:22 Hussar
Connection lost

Rejoining the realm…

Still unreachable

The connection could not be restored.

Session expired

The server has moved on; the page needs a fresh start.